 Dungeon Crawl Stone Soup version 0.24.1-14-gf8d2b509d9 (console) character file.

Game seed: 12881565199537007935, levelgen mode: deterministic

46 Kagalorn the Sneak (level 3, 0/31 HPs)
             Began as a Gnoll Wanderer on Nov 28, 2020.
             Was a Follower of Zin.
             Slain by Natasha (6 damage)
             ... on level 2 of the Dungeon.
             The game lasted 00:02:56 (1726 turns).

Kagalorn the Sneak (Gnoll Wanderer)                 Turns: 1726, Time: 00:02:57

Health: 0/31       AC:  2    Str: 18    XL:     3   Next: 68%
Magic:  4/4        EV: 13    Int: 13    God:    Zin [*.....]
Gold:   47         SH:  0    Dex: 12    Spells: 3/3 levels left

rFire    . . .     SeeInvis .   a - +0 dagger
rCold    . . .     Gourm    .   (no shield)
rNeg     . . .     Faith    .   d - +0 robe
rPois    .         Spirit   .   (no helmet)
rElec    .         Reflect  .   (no cloak)
rCorr    .         Harm     .   (no gloves)
MR       .....                  (no boots)
Stlth    +++.......             (no amulet)
HPRegen  0.10/turn              (no ring)
MPRegen  0.09/turn              (no ring)

@: no status effects
A: distributed training, fangs 1, strong nose
a: Recite, Donate Gold, Renounce Religion


You were on level 2 of the Dungeon.
You worshipped Zin.
Zin was aware of your devotion.
You were hungry.

You visited 1 branch of the dungeon, and saw 2 of its levels.

You collected 52 gold pieces.
You donated 5 gold pieces to Zin.

Inventory:

Hand Weapons
 a - a +0 dagger (weapon)
Missiles
 k - 32 stones (quivered)
 m - 2 boomerangs
Armour
 d - a +0 robe (worn)
Scrolls
 c - 2 scrolls of teleportation
 h - 3 scrolls of identify {unknown}
 j - a scroll of magic mapping {unknown}
Potions
 b - a potion of heal wounds
 e - a potion of haste
 f - a potion of lignification {unknown}
 l - a potion of mutation {unknown}
Comestibles
 g - 2 rations


   Skills:
 + Level 4.5 Fighting
 + Level 0.9 Short Blades
 + Level 0.9 Long Blades
 + Level 0.9 Axes
 + Level 0.9 Maces & Flails
 + Level 0.9 Polearms
 + Level 0.9 Staves
 + Level 0.9 Slings
 + Level 0.9 Bows
 + Level 0.9 Crossbows
 + Level 2.6 Throwing
 + Level 4.5 Armour
 + Level 2.6 Dodging
 + Level 6.0 Stealth
 + Level 0.9 Shields
 + Level 2.6 Unarmed Combat
 + Level 0.9 Spellcasting
 + Level 0.6 Conjurations
 + Level 0.6 Hexes
 + Level 0.6 Charms
 + Level 0.6 Summonings
 + Level 0.6 Necromancy
 + Level 0.6 Translocations
 + Level 0.6 Transmutations
 + Level 0.6 Fire Magic
 + Level 0.6 Ice Magic
 + Level 0.6 Air Magic
 + Level 0.6 Earth Magic
 + Level 0.6 Poison Magic
 + Level 1.0 Invocations
 + Level 0.9 Evocations


You had 3 spell levels left.
You didn't know any spells.
Your spell library was empty.

Dungeon Overview and Level Annotations

Branches:
Dungeon (2/15)

Altars:
Zin

Annotations:
D:2 Natasha


Innate Abilities, Weirdness & Mutations

Your experience applies equally to all skills.
You have very sharp teeth.
Your uncanny sense of smell can sniff out nearby items.


Message History

Natasha is heavily wounded.
The shadow imp closely misses you.
Natasha extends her claws.
Natasha claws you but does no damage. The iron imp closely misses you.
You hit Natasha.
Natasha is severely wounded.
The shadow imp barely misses you. Natasha barely misses you.
The iron imp hits you.
* * * LOW HITPOINT WARNING * * *
You hit Natasha but do no damage.
Natasha is severely wounded.
The shadow imp barely misses you.
Natasha growls.
Natasha claws you.
* * * LOW HITPOINT WARNING * * *
Unknown command.
You hit Natasha.
Natasha is almost dead.
The iron imp misses you. Natasha claws you.
You die...

. #.# ##.# #.# ...
..# . #.# ##.# .#
##?.# .#
########.).####.##
##
#........5........
###
#.#######@h####.##
..# #.# #.5......
#.# ####.# #.#.....#
#.###....# #.#.#####
...#.###.#######.#.#
...#.# #.........#.#
.....###.#########.#
.........#
...###.###


You could see an iron imp, Natasha and a shadow imp.

Vanquished Creatures
  2 adders (D:2)
  A worm (D:2)
  A dart slug (D:1)
  2 giant cockroaches
  2 goblins (D:1)
  5 hobgoblins
  2 jackals (D:1)
  A ball python (D:1)
  2 bats (D:1)
  3 kobolds
  3 rats
24 creatures vanquished.

Notes
Turn   | Place    | Note
-------+----------+-------------------------------------------
     0 | D:1      | Kagalorn the Gnoll Wanderer began the quest for the Orb.
     0 | D:1      | Kagalorn set off with the following items: a +0 club, a
                  | potion of heal wounds, 2 scrolls of teleportation, a +0
                  | robe, a potion of haste, a +0 dagger, a ration
     0 | D:1      | Reached XP level 1. HP: 20/20 MP: 1/1
   270 | D:1      | Reached XP level 2. HP: 18/26 MP: 2/2
  1102 | D:2      | HP: 1/26 [adder (4)]
  1104 | D:2      | Reached XP level 3. HP: 11/31 MP: 3/3
  1342 | D:2      | Reached skill level 6 in Stealth
  1402 | D:2      | Reached skill level 1 in Invocations
  1680 | D:2      | Found a faded altar of an unknown god.
  1682 | D:2      | Became a worshipper of Zin the Law-Giver
  1682 | D:2      | Reached * piety under Zin
  1714 | D:2      | Noticed Natasha
  1726 | D:2      | Slain by Natasha

Levels and vault maps discovered:
D:1:      minmay_arrival_radiant_lines, layout_basic
D:2:      layout_loops_ring, chequers_ecumenical_altar_twisty, uniq_natasha

Skill      XL: |  1  2  3 |
---------------+----------+-----
Stealth        | 6 |  6.0
Invocations    | 1 |  1.0
Fighting       | |  4.5
Short Blades   | |  0.9
Long Blades    | |  0.9
Axes           | |  0.9
Maces & Flails | |  0.9
Polearms       | |  0.9
Staves         | |  0.9
Slings         | |  0.9
Bows           | |  0.9
Crossbows      | |  0.9
Throwing       | |  2.6
Armour         | |  4.5
Dodging        | |  2.6
Shields        | |  0.9
Unarmed Combat | |  2.6
Spellcasting   | |  0.9
Conjurations   | |  0.6
Hexes          | |  0.6
Charms         | |  0.6
Summonings     | |  0.6
Necromancy     | |  0.6
Translocations | |  0.6
Transmutations | |  0.6
Fire Magic     | |  0.6
Ice Magic      | |  0.6
Air Magic      | |  0.6
Earth Magic    | |  0.6
Poison Magic   | |  0.6
Evocations     | |  0.9

Action                   || total
-------------------------++-------
Melee: Dagger            ||   124
       Bite              ||    12
       Punch             ||     3
Throw: Stone             ||     4
  Use: Potion            ||     1
 Stab: Sleeping          ||     5
  Eat: Chunk             ||     2
Armor: Robe              ||    26
Dodge: Dodged            ||    77
